Map: Port Aleksander LE

Players

aLive - Winner!

  • Race: Terran Terran
  • Spawn Location: 11:00

ShoWTimE

  • Race: Protoss Protoss
  • Spawn Location: 5:00

Event: IEM Season 13: Katowice (2019)

VOD

Have the link to the VOD?

Description

Time

  • Played on: Feb. 25, 2019, 1:26 p.m.
  • Length: 17:51

All games in this series

Show
View Real Time Build Order
Export as new Build Order

aLive Terran - Winner!

Build Orders:  

Get SALT Encoding   

  12  0:00  SCV  
  13  0:12  SCV  
  14  0:18  Supply Depot  
  14  0:25  SCV  
  15  0:40  Barracks, SCV  
  16  0:47  Refinery  
  16  0:53  SCV  
  17  0:58  Refinery  
  17  1:05  SCV  
  18  1:17  SCV  
  19  1:26  Reaper  
  19  1:29  Orbital Command  
  20  1:45  Factory  
  20  1:52  Supply Depot  
  20  1:54  Refinery  
  20  2:01  Reaper  
  21  2:05  SCV  
  22  2:17  SCV  
  23  2:32  SCV, Hellion  
  23  2:33  Reaper  
  27  2:44  SCV  
  28  2:52  Command Center  
  28  2:57  Hellion  
  30  2:59  SCV  
  31  3:06  Supply Depot  
  31  3:20  Starport  
  31  3:21  Factory Tech Lab  
  31  3:28  SCV  
  32  3:40  SCV  
  33  3:42  Barracks  
  32  3:52  SCV  
  35  3:55  Cyclone  
  35  3:56  Starport Tech Lab  
  35  4:04  SCV  
  35  4:05  Orbital Command  
  35  4:14  Raven  
  35  4:16  SCV  
  38  4:19  Barracks  
  38  4:23  Barracks Reactor  
  38  4:29  SCV  
  39  4:33  SCV  
  39  4:36  Supply Depot  
  40  4:39  Factory Reactor  
  40  4:43  SCV, Marine  
  40  4:44  Stimpack  
  42  4:46  SCV  
  42  4:47  Supply Depot  
  42  4:50  Engineering Bay  
  43  5:02  SCV x2  
  43  5:04  Marine x3  
  43  5:05  Starport Reactor  
  48  5:16  SCV x2  
  48  5:17  Terran Infantry Weapons Level 1  
  50  5:23  Command Center  
  50  5:26  Widow Mine x2  
  53  5:28  SCV x2  
  54  5:40  SCV x2  
  54  5:42  Medivac x2  
  60  5:47  Barracks  
  60  5:49  Barracks, Widow Mine, Supply Depot  
  62  5:51  Widow Mine  
  62  5:55  SCV x2  
  66  6:07  SCV x2  
  66  6:09  Refinery x2, Supply Depot  
  66  6:16  Starport  
  66  6:19  SCV x2  
  66  6:20  Marine x2  
  66  6:21  Marauder x2  
  74  6:30  Supply Depot  
  74  6:31  SCV x2  
  76  6:36  Orbital Command  
  76  6:37  Barracks Tech Lab, Barracks Reactor  
  76  6:43  SCV  
  76  6:44  SCV  
  78  6:48  Marine x2  
  78  6:49  Marauder x2  
  78  6:52  Medivac x2  
  88  6:55  SCV  
  88  6:56  SCV  
  90  7:04  Marauder  
  90  7:07  Viking x2  
  96  7:08  SCV x3  
  97  7:18  Marine x2  
  97  7:19  Marine x2  
  97  7:20  Marauder x2  
  97  7:22  Supply Depot  
  103  7:23  Supply Depot  
  103  7:25  Marauder  
  103  7:27  SCV x3  
  103  7:29  Concussive Shells, Combat Shield  
  108  7:39  Supply Depot  
  108  7:44  Supply Depot  
  108  7:45  Viking x3  
  108  7:51  Supply Depot  
  114  7:52  Marine x4  
  114  7:53  Viking  
  114  7:54  SCV x2  
  114  7:57  Supply Depot  
  122  8:02  Refinery  
  122  8:03  Refinery  
  122  8:04  Marauder x2  
  126  8:06  Marauder  
  126  8:10  SCV  
  126  8:11  SCV x2  
  131  8:17  Marine x4  
  135  8:21  Supply Depot  
  135  8:23  Viking, Supply Depot  
  139  8:34  Marauder x3  
  139  8:37  SCV x3  
  139  8:38  Terran Infantry Armor Level 1  
  142  8:46  Marine x4  
  146  8:50  Armory  
  146  8:51  Engineering Bay  
  146  8:53  Supply Depot  
  146  8:54  Supply Depot  
  146  9:15  Marine x2  
  146  9:16  Command Center, Marine x2  
  150  9:20  Barracks  
  150  9:22  Barracks  
  150  9:24  Barracks  
  150  9:26  Viking x4  
  150  9:30  Ghost Academy  
  158  9:35  SCV x3  
  161  9:39  Terran Infantry Weapons Level 2  
  161  9:40  Terran Ship Weapons Level 1  
  161  9:46  Supply Depot  
  161  9:51  Liberator  
  160  9:57  Sensor Tower  
  160  10:04  Ghost  
  160  10:05  Ghost x2  
  164  10:09  Marine  
  164  10:10  Marine x3  
  164  10:12  Liberator x2  
  164  10:13  Barracks Tech Lab x2, Liberator, Barracks Reactor  
  171  10:20  Missile Turret  
  167  10:24  Missile Turret  
  167  10:30  Planetary Fortress  
  175  10:39  Terran Infantry Armor Level 2  
  175  10:44  Marine x4  
  175  10:46  Marauder x4  
  175  10:48  Marauder  
  189  10:51  Refinery x2  
  189  10:57  Liberator x2  
  189  11:03  Marine x5  
  189  11:04  Marine  
  198  11:20  Marauder  
  200  11:30  Fusion Core  
  200  11:32  Starport  
  200  11:36  Command Center, Terran Ship Weapons Level 2  
  196  11:52  Command Center  
  184  12:12  Liberator x4  
  184  12:14  Marine x6  
  187  12:16  Terran Infantry Weapons Level 3  
  183  12:28  Marine x4  
  131  12:41  SCV x2  
  131  12:42  SCV  
  116  12:47  Starport Tech Lab, Ghost x2  
  116  12:48  Ghost x3  
  116  12:49  Marine x5  
  116  12:50  Liberator, Marine  
  127  12:53  SCV x2  
  127  12:55  SCV  
  130  13:06  Advanced Ballistics  
  131  13:18  Liberator  
  131  13:19  Liberator x3  
  131  13:21  Marauder x5  
  131  13:22  Marine x6  
  138  13:42  SCV  
  138  13:43  Sensor Tower, SCV x2  
  141  13:50  Marine x5  
  141  13:51  Marauder, Marine  
  141  13:54  Marauder  
  151  13:58  Marauder  
  151  14:00  Marauder  
  155  14:11  Planetary Fortress  
  154  14:18  Terran Infantry Armor Level 3  
  154  14:19  Liberator x2  
  154  14:20  Liberator  
  156  14:24  Marauder x3  
  156  14:25  Liberator  
  165  14:53  Marauder x4  
  165  14:56  Liberator  
  166  15:02  Liberator x2  
  166  15:03  Liberator  
  165  15:24  Marauder  
  157  15:33  Marauder  
  153  15:44  Orbital Command  
  142  16:15  Marauder x3  
  142  16:16  Marauder x2  
  133  16:54  Marauder  
  133  16:55  Marauder x4, Marine x5  
  137  17:16  Marauder, Marine x5  
  137  17:17  Marauder, Marine  
  137  17:18  Marauder x3  
Show
View Real Time Build Order
Export as new Build Order

ShoWTimE Protoss 

Build Orders: 1 Gate Expand, Colossus Rush 

Get SALT Encoding   

  12  0:00  Probe  
  13  0:12  Probe  
  14  0:18  Pylon  
  14  0:24  Probe  
  15  0:32  Probe  
  15  0:37  Gateway  
  15  0:40  Probe  
  16  0:46  Assimilator  
  17  0:51  Probe  
  18  1:03  Probe  
  19  1:15  Probe  
  20  1:25  Cybernetics Core  
  20  1:34  Nexus  
  20  1:39  Zealot  
  22  1:49  Pylon  
  22  1:51  Probe  
  23  2:00  Stalker  
  23  2:07  Probe  
  26  2:17  Warp Gate  
  26  2:19  Probe  
  27  2:29  Assimilator  
  27  2:30  Probe  
  28  2:37  Robotics Facility  
  28  2:38  Probe  
  28  2:43  Probe  
  29  2:46  Probe  
  29  2:50  Stalker  
  29  2:51  Probe  
  31  2:58  Probe  
  34  3:01  Probe  
  35  3:10  Probe  
  36  3:13  Probe  
  36  3:17  Stalker  
  36  3:19  Pylon  
  37  3:22  Probe  
  37  3:25  Observer, Probe  
  42  3:33  Shield Battery  
  42  3:34  Probe  
  42  3:37  Probe  
  44  3:46  Probe  
  44  3:48  Pylon  
  43  3:53  Probe  
  44  3:58  Probe  
  45  4:05  Probe  
  45  4:07  Observer, Probe  
  47  4:12  Assimilator x2  
  47  4:15  Probe  
  47  4:17  Probe, Pylon  
  50  4:25  Probe  
  50  4:28  Immortal  
  50  4:30  Gateway, Probe  
  50  4:31  Gateway  
  52  4:37  Probe  
  57  4:38  Sentry  
  57  4:42  Probe  
  57  4:44  Pylon  
  60  4:49  Robotics Bay  
  60  4:56  Probe  
  60  4:58  Warp Prism  
  60  4:59  Forge  
  61  5:07  Sentry  
  63  5:10  Pylon  
  65  5:22  Nexus  
  65  5:23  Probe  
  65  5:24  Protoss Ground Weapons Level 1  
  66  5:29  Pylon, Probe  
  66  5:33  Colossus  
  66  5:35  Probe  
  68  5:40  Extended Thermal Lance  
  68  5:41  Probe  
  67  5:47  Probe  
  74  5:56  Stalker  
  76  6:03  Probe x2  
  76  6:05  Gateway  
  76  6:10  Gateway  
  75  6:13  Gateway, Colossus  
  75  6:15  Probe x2  
  77  6:20  Sentry  
  77  6:21  Pylon  
  79  6:32  Probe  
  86  6:33  Probe  
  86  6:35  Probe  
  88  6:40  Shield Battery  
  88  6:44  Probe  
  88  6:45  Adept, Probe  
  92  6:47  Probe  
  92  6:52  Twilight Council  
  93  6:56  Probe  
  93  6:57  Probe  
  93  6:59  Probe  
  95  7:04  Assimilator  
  95  7:06  Assimilator  
  95  7:08  Protoss Ground Armor Level 1, Probe  
  96  7:09  Probe  
  96  7:11  Probe  
  96  7:12  Stalker x2, Observer  
  100  7:17  Colossus  
  100  7:20  Probe  
  100  7:22  Probe  
  100  7:23  Probe  
  101  7:30  Blink  
  101  7:32  Probe  
  108  7:39  Pylon  
  108  7:40  Pylon  
  108  7:46  Photon Cannon  
  108  7:50  Probe  
  109  7:56  Shield Battery  
  109  7:59  Pylon, Colossus  
  109  8:01  Stalker x2  
  113  8:09  Stalker  
  113  8:11  Pylon  
  121  8:14  Zealot x2  
  121  8:18  Probe  
  126  8:32  Stalker x3  
  126  8:33  Forge  
  130  8:48  Pylon, Protoss Ground Armor Level 2  
  130  8:50  Pylon, Stalker x3  
  136  8:59  Observer  
  136  9:04  Protoss Ground Weapons Level 2  
  136  9:05  Photon Cannon  
  136  9:06  Shield Battery  
  136  9:07  Pylon  
  137  9:12  Stalker x2  
  137  9:16  Disruptor  
  139  9:17  Shield Battery, Charge  
  145  9:29  Robotics Facility  
  142  9:36  Stalker x4  
  150  9:44  Nexus  
  150  9:52  Disruptor  
  150  9:56  Probe  
  150  9:57  Probe x2  
  156  10:07  Pylon  
  156  10:09  Pylon  
  156  10:10  Pylon  
  156  10:14  Templar Archives  
  156  10:25  Disruptor, Pylon  
  156  10:28  Disruptor  
  159  10:32  Zealot x4  
  170  10:40  Probe x2  
  170  10:41  Probe  
  173  10:44  Pylon  
  173  10:51  Stalker x2  
  173  10:53  Protoss Ground Armor Level 3  
  173  10:56  Stargate  
  177  11:00  Disruptor  
  177  11:03  Disruptor  
  176  11:04  Zealot  
  176  11:05  Zealot x2  
  179  11:14  Protoss Ground Weapons Level 3  
  179  11:18  Photon Cannon  
  179  11:22  Zealot  
  179  11:23  Zealot x2  
  183  11:29  Psionic Storm, High Templar  
  185  11:36  Probe x3  
  194  11:42  Assimilator  
  192  11:50  Probe  
  192  11:51  Assimilator  
  192  11:54  Zealot x5  
  159  12:24  Nexus  
  128  12:30  Stalker x3  
  128  12:33  Probe x3  
  111  12:45  Probe  
  111  12:46  Probe, Phoenix  
  111  12:47  Probe  
  104  12:57  Probe  
  104  12:58  Probe, Stalker x3  
  109  12:59  Probe  
  109  13:04  Gateway  
  115  13:08  Gateway  
  115  13:09  Probe  
  115  13:10  Gateway  
  115  13:11  Probe x2  
  118  13:17  Robotics Facility  
  118  13:21  Probe  
  118  13:23  Probe x2  
  119  13:30  Stalker x3  
  119  13:33  Probe  
  124  13:35  Probe  
  124  13:48  Probe x3  
  127  13:53  Zealot x3  
  133  13:56  Disruptor  
  133  14:00  Probe x3  
  136  14:05  High Templar x3  
  136  14:09  Protoss Shields Level 1  
  145  14:12  Probe x3  
  148  14:20  Pylon, High Templar  
  148  14:22  Pylon x2  
  148  14:24  Disruptor, Probe x2  
  151  14:29  Zealot x2  
  156  14:33  Probe  
  156  14:36  Probe  
  161  14:41  Stalker x3  
  165  14:50  Probe  
  162  14:59  Disruptor  
  156  15:02  High Templar x3  
  156  15:04  Dark Shrine  
  150  15:19  Stalker x3  
  143  15:27  Nexus  
  104  15:54  Stalker x3  
  106  16:11  Phoenix  
  101  16:26  Zealot x3  
  101  16:29  Probe, Pylon  
  108  16:34  Probe  
  98  16:50  Zealot  
  100  16:55  Probe  
  100  16:56  Probe  
  100  16:58  Archon  
  102  17:08  Probe x2  
  90  17:20  Probe  
  82  17:24  Stalker  
  72  17:37  Zealot x2  

Tags
 
Add a new tag
Caveats
  • Supply blocks, unpowered buildings, or Contaminate may cause inaccurate times.
  • Supply counts are checked every 10 seconds.